 Dungeon Crawl Stone Soup version 0.31-a0-865-g3d5d91748a (webtiles) character file.

Game seed: 14068257218293775923

32781 javelincjr the Destroyer (level 13, -1/71 HPs)
             Began as an Octopode Conjurer on Oct 10, 2023.
             Was an Elder of Sif Muna.
             Slain by a skeletal warrior
             ... wielding a +0 hand axe
              (21 damage)
             ... on level 12 of the Dungeon.
             The game lasted 01:50:49 (21441 turns).

javelincjr the Destroyer (Octopode Conjurer)       Turns: 21441, Time: 01:50:49

Health: -1/71      AC:  5    Str:  7    XL:     13   Next: 66%
Magic:  12/26      EV: 17    Int: 37    God:    Sif Muna [****..]
Gold:   969        SH: 11    Dex: 16    Spells: 10/31 levels left

rFire   . . .        O - +8 whip "Snakebite" {venom, curare, rPois}
rCold   + . .        L - +1 buckler
rNeg    . . .        N - melded +2 hat {Stlth+}
rPois   +            R - amulet of reflection
rElec   .            d - +4 ring of protection
rCorr   .            k - +6 ring of intelligence
SInv    +            B - +6 ring of dexterity
Will    .....        H - +6 ring of intelligence
Stlth   ++++++       K - +4 ring of slaying
HPRegen 0.31/turn    S - ring of flight
MPRegen 0.20/turn    j - ring of protection from cold
                     T - ring of see invisible

%: reflection
@: beast-form, flying, very slightly contaminated
A: beast (slay +1), almost no armour, amphibious, 8 rings, camouflage 1,
gelatinous body 1, (nimble swimmer 1), tentacles
a: Begin Untransformation, Renounce Religion, Channel Magic, Forget Spell,
Divine Exegesis


You were on level 12 of the Dungeon.
You worshipped Sif Muna.
Sif Muna was greatly pleased with you.
You were a hulking beast.
You visited 2 branches of the dungeon, and saw 15 of its levels.

You collected 1090 gold pieces.
You spent 121 gold pieces at shops.

Inventory:

Hand Weapons
 m - a +2 halberd of holy wrath
 z - a +3 flail of protection
 O - the +8 whip "Snakebite" (weapon) {venom, curare, rPois}
   (You found it on level 1 of the Lair of Beasts)

   rPois:     It protects you from poison
 P - the +1 falchion "Xen Val" {venom, rF+++ rC++ Str-2}
   (You found it on level 6 of the Dungeon)

   Str-2:     It affects your strength (-2).
   rF+++:     It renders you almost immune to fire.
   rC++:      It greatly protects you from cold.
Missiles
 q - 5 silver javelins
Armour
 L - a +1 buckler (worn)
 N - a +2 hat of stealth (melded)
 U - a +0 kite shield
Magical Staves
 u - a staff of fire
 J - a staff of cold
Jewellery
 d - a +4 ring of protection (left tentacle)
 j - a ring of protection from cold (on tentacle)
 k - a +6 ring of intelligence (right tentacle)
 y - an amulet of regeneration
 B - a +6 ring of dexterity (on tentacle)
 H - a +6 ring of intelligence (on tentacle)
 K - a +4 ring of slaying (on tentacle)
 R - an amulet of reflection (around mantle)
 S - a ring of flight (on tentacle)
 T - a ring of see invisible (on tentacle)
Talismans
 g - a maw talisman
 W - a beast talisman (active)
Wands
 G - a wand of quicksilver (5)
 I - a wand of iceblast (7)
 Q - a wand of charming (8)
 Y - a wand of flame (28)
 Z - a wand of digging (6)
Scrolls
 a - a scroll of revelation
 b - 3 scrolls of teleportation
 l - 2 scrolls of poison
 p - a scroll of blinking
 v - 3 scrolls of fog
 E - 4 scrolls of enchant weapon
 M - a scroll of torment
 V - a scroll of amnesia
 X - 3 scrolls of vulnerability
Potions
 c - 4 potions of heal wounds
 e - a potion of brilliance
 f - a potion of cancellation {unknown}
 h - 2 potions of magic
 i - 5 potions of lignification
 n - a potion of ambrosia {unknown}
 o - a potion of resistance {unknown}
 r - 2 potions of curing
 s - a potion of haste {unknown}
 t - 5 potions of attraction
 w - 3 potions of enlightenment
 x - 2 potions of mutation
 A - 2 potions of invisibility {unknown}
Miscellaneous
 C - a lightning rod (4/4)
 D - a phantom mirror
 F - a phial of floods


   Skills:
 - Level 4.0 Short Blades
 + Level 3.5 Maces & Flails
 + Level 8.3 Dodging
 + Level 10.9 Stealth
 + Level 5.5 Shields
 * Level 9.6 Spellcasting
 * Level 11.0 Conjurations
 + Level 4.4 Translocations
 + Level 1.4 Ice Magic
 + Level 4.5 Air Magic
 + Level 7.2 Invocations
 + Level 7.2 Evocations
 + Level 3.3 Shapeshifting


You had 10 spell levels left.
You knew the following spells:

 Your Spells              Type           Power      Damage    Failure   Level
a - Magic Dart            Conj           100%       1d8       1%          1
b - Searing Ray           Conj           100%       2d8       1%          2
c - Fulminant Prism       Conj/Hex       27%        3d14      3%          4
d - Swiftness             Air            51%        N/A       1%          3
e - Iskenderun's Mystic   Conj/Tloc      66%        2d14      1%          4
f - Poisonous Vapours     Pois/Air       68%        N/A       1%          2
g - Freezing Cloud        Conj/Ice/Air   28%        6-21      10%         5

Your spell library contained the following spells:

 Spells                   Type           Power      Damage    Failure   Level
 Foxfire                  Conj/Fire      100%       2x1d9     1%          1
 Blink                    Tloc           100%       N/A       1%          2
 Momentum Strike          Conj/Tloc      100%       3d10      1%          2
 Dazzling Flash           Conj/Hex       100%       N/A       1%          3
 Cigotuvi's Dreadful Rot  Necr/Pois/Air  56%        N/A       2%          2
 Slow                     Hex            68%        N/A       3%          1
 Sting                    Tmut/Pois      68%        1d6       3%          1
 Summon Small Mammal      Summ           68%        N/A       3%          1
 Ensorcelled Hibernation  Hex/Ice        46%        N/A       3%          2
 Arcjolt                  Conj/Air       33%        1d43      3%          5
 Passwall                 Tmut/Erth      14%        N/A       5%          2
 Manifold Assault         Tloc           50%        N/A       5%          4
 Vhi's Electric Charge    Tloc/Air       100%       N/A       5%          4
 Ozocubu's Armour         Ice            28%        N/A       6%          3
 Call Canine Familiar     Summ           17%        N/A       11%         3
 Confusing Touch          Hex            17%        N/A       11%         3
 Ignite Poison            Fire/Tmut/Pois 17%        N/A       11%         3
 Inner Flame              Hex/Fire       17%        N/A       11%         3
 Sigil of Binding         Hex            17%        N/A       11%         3
 Summon Guardian Golem    Hex/Summ       17%        N/A       11%         3
 Vampiric Draining        Necr           17%        2d7       11%         3
 Silence                  Hex/Air        17%        N/A       36%         5
 Summon Forest            Summ/Tloc      17%        N/A       36%         5
 Metabolic Englaciation   Hex/Ice        11%        N/A       56%         5
 Dispersal                Tloc           25%        N/A       63%         6
 Agony                    Necr           17%        N/A       67%         5
 Yara's Violent Unravell  Hex/Tmut       8%         3d5       67%         5
 Simulacrum               Ice/Necr       11%        N/A       98%         6
 Enfeeble                 Hex            8%         N/A       100%        7
 Disjunction              Tloc           25%        N/A       100%        8
 Maxwell's Capacitive Co  Air            25%        ∞         100%        8
 Chain Lightning          Conj/Air       33%        3d44      100%        9
 Dragon's Call            Summ           8%         N/A       100%        9
 Animate Armour           Summ/Erth      Unusable   N/A       N/A         4

Dungeon Overview and Level Annotations

Branches:
Dungeon (12/15)            Temple (0/1) D:6            Lair (3/5) D:9
 Shoals (0/4) Lair:3       Spider (0/4) Lair:3          Orc (0/2) D:10

Altars:
Cheibriados
Fedhas
Makhleb
Nemelex Xobeh
Ru
Sif Muna
Vehumet
Wu Jian
Xom
Zin

Shops:
D:4 !

Annotations:
D:4 2 runed translucent doors
D:10 Snorg


Innate Abilities, Weirdness & Mutations

You are a hulking beast.
Your limbs bulge with bestial killing power. (Slay +1)
You cannot wear most types of armour.
You are amphibious.
You can wear up to eight rings at the same time.
Your skin changes colour to match your surroundings (Stealth+).
Your rubbery body absorbs attacks. (AC +1, EV +1)
((You are camouflaged when in or above water. (Stealth+)))
You have tentacles for arms and can constrict up to eight enemies at once.


Message History

You constrict the skeletal warrior, but do no damage.
The skeletal warrior is engulfed in freezing vapours.
The skeletal warrior completely misses you.
The skeletal warrior is engulfed in freezing vapours.
You hit the skeletal warrior but do no damage.
You squeeze the skeletal warrior.
The skeletal warrior is moderately damaged.
You constrict the skeletal warrior, but do no damage.
The skeletal warrior is engulfed in freezing vapours.
The skeletal warrior completely misses you.
The skeletal warrior is engulfed in freezing vapours.
You hit the skeletal warrior but do no damage.
You squeeze the skeletal warrior, but do no damage.
The skeletal warrior is moderately damaged.
You constrict the skeletal warrior, but do no damage.
The skeletal warrior is engulfed in freezing vapours.
The skeletal warrior hits you with a +0 hand axe!!
The skeletal warrior is engulfed in freezing vapours.
Casting: Magic Dart (safe; 1% risk of failure)
Confirm with . or Enter, or press ? or * to list all spells.
You erupt in a blast of force!
The mystic blast hits the skeletal warrior!
The skeletal warrior is heavily damaged.
The skeletal warrior is knocked back by the mystic blast.
The skeletal warrior slams into the rock wall!
The mystic blast hits the skeletal warrior but does no damage.
The skeletal warrior is moderately damaged.
You constrict the skeletal warrior, but do no damage.
A skeletal warrior comes into view. It is wielding a +0 flail.
The skeletal warrior barely misses you.
The skeletal warrior is engulfed in freezing vapours.
The skeletal warrior hits you with a +0 long sword!!
* * * LOW HITPOINT WARNING * * *
You release your grip on the skeletal warrior.
The skeletal warrior is engulfed in freezing vapours.
A skeletal warrior comes into view.
It is wielding a +4 short sword of venom.
The skeletal warrior is engulfed in freezing vapours.
The skeletal warrior attacks as it pursues you!
The skeletal warrior hits you with a +0 hand axe!!
You die...

#.......#
#####
#.......#
#....
#.......#
##'##
###._..##
##.#
#....#
#..#
#####..###
#.##
#.......#
###'###
#.#####.#
#......
#h# #.#
#......
#z# #.#
+......
#§z.# #.#
#......
#§### ###
#......
§§#
#...>..
#z#
##+####
#§z ###


You could see 4 skeletal warriors.

Vanquished Creatures
  An ettin (D:11)
  A rakshasa (D:11)
  Urug (D:11)
  A tengu warrior (D:11)
  2 skysharks (Lair:3)
  A fire crab (D:9)
  2 manticores (D:11)
  An oklob plant (Lair:1)
  4 cyclopes (D:11)
  5 elephants (Lair:2)
  5 black mambas (Lair:1)
  4 gargoyles
  11 cane toads
  4 rime drakes
  A kobold demonologist (D:12)
  4 komodo dragons
  5 trolls
  A polar bear (shapeshifter) (D:11)
  A snapping turtle (Lair:3)
  9 blink frogs
  3 shadows
  A slime creature (D:11)
  3 wyverns
  5 wraiths
  15 yaks
  Grum (Lair:1)
  2 basilisks
  6 vampire mosquitoes
  Edmund (D:5)
  An acid dragon (D:11)
  A two-headed ogre zombie (D:10)
  14 water moccasins
  2 orc warriors
  A sky beast (D:6)
  4 black bears
  2 ogres
  2 centaurs
  14 wolves
  3 phantoms
  4 kobold brigands
  5 gnoll sergeants
  10 bullfrogs
  A scorpion (D:5)
  A wight (D:4)
  A troll zombie (D:10)
  19 killer bees
  7 electric eels
  7 howler monkeys
  5 hounds
  2 jellies
  2 orc priests (D:6)
  2 gnoll boudas
  4 sleepcaps
  2 iguanas
  5 orc wizards
  6 ogre zombies (D:10)
  31 gnolls
  7 adders
  2 white imps
  4 worms
  3 dart slugs
  22 orcs
  10 ball pythons
  3 endoplasms
  6 giant cockroaches
  11 goblins
  5 hobgoblins
  6 jackals (D:1)
  17 kobolds
  5 quokkas
  7 bats
  3 frilled lizards (D:1)
  A goblin skeleton (D:10)
  A hobgoblin skeleton (D:10)
  2 hobgoblin zombies (D:10)
  5 orc skeletons (D:10)
  16 orc zombies (D:10)
  11 rats
  A butterfly (Lair:3)
  A fulminant prism (Lair:1)
408 creatures vanquished.

Vanquished Creatures (others)
  A howler monkey (D:9)
  58 fulminant prisms
59 creatures vanquished.

Grand Total: 467 creatures vanquished

Notes
Turn   | Place    | Note
-------+----------+-------------------------------------------
     0 | D:1      | javelincjr the Octopode Conjurer began the quest for the
                  | Orb.
     0 | D:1      | Reached XP level 1. HP: 11/11 MP: 3/3
    63 | D:1      | Found a faded altar of an unknown god.
   126 | D:1      | Reached XP level 2. HP: 17/17 MP: 1/5
   132 | D:1      | Learned a level 2 spell: Searing Ray
   568 | D:1      | Reached XP level 3. HP: 21/21 MP: 4/6
  1405 | D:2      | Reached XP level 4. HP: 27/27 MP: 3/8
  1615 | D:2      | Found an ornate altar of the Wu Jian Council.
  2354 | D:3      | Reached XP level 5. HP: 31/31 MP: 7/9
  3391 | D:4      | Found a snail-covered altar of Cheibriados.
  3454 | D:4      | Found Myol's Distillery.
  3473 | D:4      | Bought a potion of curing for 33 gold pieces
  3473 | D:4      | Bought a potion of mutation for 88 gold pieces
  3480 | D:4      | Reached skill level 5 in Conjurations
  3608 | D:4      | You fall into a shaft and drop 1 floor!
  3608 | D:5      | Entered Level 5 of the Dungeon
  3943 | D:4      | Found a large runed translucent door.
  3943 | D:4      | Found a large runed translucent door.
  3954 | D:4      | Found a shimmering blue altar of Sif Muna.
  3958 | D:4      | Became a worshipper of Sif Muna the Loreminder
  3974 | D:4      | Reached XP level 6. HP: 36/36 MP: 3/11
  4044 | D:4      | Found a large runed translucent door.
  4044 | D:4      | Found a large runed translucent door.
  4111 | D:4      | Reached skill level 1 in Invocations
  4429 | D:4      | Noticed an orc warrior
  4439 | D:4      | Learned a level 4 spell: Fulminant Prism
  4447 | D:4      | Killed an orc warrior
  4448 | D:4      | Reached XP level 7. HP: 41/41 MP: 4/13
  4580 | D:5      | Reached skill level 1 in Evocations
  4609 | D:5      | Found an ornate altar of the Wu Jian Council.
  4609 | D:5      | Found a shimmering altar of Xom.
  4791 | D:5      | Noticed Edmund
  4806 | D:5      | Reached skill level 5 in Stealth
  4853 | D:5      | Reached skill level 6 in Conjurations
  4858 | D:5      | Learned a level 3 spell: Swiftness
  5477 | D:5      | Killed Edmund
  5478 | D:5      | Reached XP level 8. HP: 46/46 MP: 2/15
  5732 | D:5      | Reached skill level 5 in Spellcasting
  6504 | D:6      | Found a glowing silver altar of Zin.
  6509 | D:6      | Identified the +1 falchion "Xen Val" {venom, rF+++ rC++
                  | Str-2}
  6520 | D:6      | Reached * piety under Sif Muna
  6914 | D:6      | Reached skill level 7 in Conjurations
  7009 | D:6      | Found a staircase to the Ecumenical Temple.
  7283 | D:6      | Reached XP level 9. HP: 51/51 MP: 1/17
  7623 | D:6      | Found a sacrificial altar of Ru.
  8894 | D:7      | Learned a level 4 spell: Iskenderun's Mystic Blast
  9001 | D:8      | Reached skill level 5 in Dodging
  9010 | D:8      | Reached skill level 1 in Short Blades
  9013 | D:8      | Reached ** piety under Sif Muna
  9014 | D:8      | Reached skill level 1 in Shields
  9019 | D:8      | Reached skill level 8 in Conjurations
  9458 | D:8      | Reached XP level 10. HP: 52/56 MP: 10/20
 10152 | D:8      | Noticed a gargoyle
 10160 | D:8      | Killed a gargoyle
 10345 | D:9      | Noticed a fire crab
 10346 | D:9      | Found a staircase to the Lair.
 10366 | D:9      | Killed a fire crab
 10454 | D:9      | Reached skill level 5 in Invocations
 10632 | D:9      | Got a fuliginous book
 10636 | D:9      | Learned a level 2 spell: Poisonous Vapours
 10655 | D:9      | Reached skill level 5 in Evocations
 11122 | D:9      | Reached *** piety under Sif Muna
 11271 | Lair:1   | Entered Level 1 of the Lair of Beasts
 11354 | Lair:1   | Noticed a cane toad
 11366 | Lair:1   | Killed a cane toad
 11367 | Lair:1   | Noticed a cane toad
 11372 | Lair:1   | Reached skill level 1 in Air Magic
 11381 | Lair:1   | Killed a cane toad
 11382 | Lair:1   | Reached skill level 9 in Conjurations
 11382 | Lair:1   | Reached skill level 1 in Translocations
 11382 | Lair:1   | Reached XP level 11. HP: 37/61 MP: 1/22
 11514 | Lair:1   | Noticed Grum
 11523 | Lair:1   | Killed Grum
 11984 | Lair:1   | Found a blossoming altar of Fedhas.
 11986 | Lair:1   | Noticed an oklob plant
 12442 | Lair:1   | Found a radiant altar of Vehumet.
 13238 | Lair:1   | Reached skill level 1 in Shapeshifting
 13369 | Lair:1   | Found the +8 whip "Snakebite" {venom, curare, rPois}
 13904 | Lair:1   | Killed an oklob plant
 13905 | Lair:1   | Reached XP level 12. HP: 66/66 MP: 2/24
 14176 | Lair:2   | Reached skill level 1 in Maces & Flails
 14188 | Lair:2   | Reached skill level 10 in Conjurations
 14311 | Lair:2   | Reached **** piety under Sif Muna
 14695 | Lair:2   | Learned a level 5 spell: Freezing Cloud
 15027 | Lair:2   | Reached skill level 10 in Stealth
 15799 | Lair:3   | Noticed a skyshark
 15814 | Lair:3   | Killed a skyshark
 16038 | Lair:3   | Found a hole to the Spider Nest.
 16426 | Lair:3   | Found a staircase to the Shoals.
 16652 | Lair:3   | Noticed a skyshark
 16659 | Lair:3   | Killed a skyshark
 16920 | D:10     | Entered Level 10 of the Dungeon
 17068 | D:10     | Reached XP level 13. HP: 71/71 MP: 5/26
 17097 | D:10     | Reached skill level 5 in Shields
 17382 | D:10     | Noticed Snorg
 17672 | D:10     | Found a staircase to the Orcish Mines.
 18594 | D:11     | Reached ***** piety under Sif Muna
 18727 | D:11     | Noticed an ettin
 18736 | D:11     | Killed an ettin
 18766 | D:11     | Noticed a rakshasa
 19274 | D:11     | Identified Sif Muna's Papyrus of the Hyperbolic Volley (Sif
                  | Muna gifted it to you on level 11 of the Dungeon)
 19274 | D:11     | Received a gift from Sif Muna
 19572 | D:11     | Found a sparkling altar of Nemelex Xobeh.
 19991 | D:11     | Noticed Urug
 20002 | D:11     | Killed Urug
 20003 | D:11     | Reached skill level 1 in Ice Magic
 20355 | D:11     | Killed a rakshasa
 20519 | D:11     | Reached skill level 11 in Conjurations
 21408 | D:12     | Found a burning altar of Makhleb.
 21414 | D:12     | Identified the +1 robe "Naismug" {Str+4}
 21441 | D:12     | Slain by a skeletal warrior

Illustrated notes

Levels and vault maps discovered:
D:1:      lemuel_arrival_muddy, layout_loops_ring,
          hellmonk_ecumenical_altar_dog_temple
D:2:      layout_loops_ring, basic_altar
D:3:      layout_basic, palyth_stone_intersect, nicolae_half_adder
D:4:      layout_cave_pools, kennysheep_mini,
          mainiacjoe_overflow_small_starburst, serial_shops, shop,
          minmay_hollow_rounded_squares
D:5:      layout_basic, grunt_temple_overflow_open, uniq_edmund
D:6:      layout_basic, mainiacjoe_overflow_tiny_flanked,
          mainiacjoe_overflow_surrounded_room, minmay_temple_entry_proselytizer,
          minmay_hedge_maze, kennysheep_donut, hangedman_decor_clover_reticule,
          kennysheep_dice
D:7:      layout_basic
D:8:      layout_basic
D:9:      layout_rooms, minmay_lair_entry_lava
D:10:     layout_stronghold, zombieorc2_lemuel, uniq_snorg
D:11:     nzn_winding_woodlands_stair_cross [nzn_winding_woodlands_5x15_parted,
          nzn_winding_woodlands_center_triple_pond,
          nzn_winding_woodlands_5x15_concentric,
          nzn_winding_woodlands_5x5_open_star,
          nzn_winding_woodlands_5x5_checkerboard,
          nzn_winding_woodlands_5x15_twine,
          nzn_winding_woodlands_center_diamonds,
          nzn_winding_woodlands_5x15_pathside_ponds], layout_basic,
          nemelex_diamond_rough_becter, uniq_urug
D:12:     layout_roguey, gammafunk_ghost_grave, bloody_makhleb
Lair:1:   minmay_guarded_unrand_snakebite, layout_cave_pods, basic_altar,
          wad_woods_06, lemuel_oklob_altar, lemuel_fruit_fields,
          serial_bayou_shore_a, serial_bayou_shore_b, lemuel_fruit_tree,
          uniq_grum
Lair:2:   layout_concentric_octagons, grunt_megastairs_2,
          infiniplex_staircase_pool_2
Lair:3:   layout_hall_layers, minmay_shoals_entry_hut, dummy_spider_entry,
          lemuel_fruit_fields

Skill      XL: |  1  2  3  4  5  6  7  8  9 10 11 12 13 |
---------------+----------------------------------------+-----
Stealth        | 3 4 5 6 7 8 9 10 | 10.9
Spellcasting   | 3 4 5 6 7 8 9 |  9.6
Conjurations   | 5 6 7 8 9 10 11 | 11.0
Dodging        | 3 4 5 6 7 8 |  8.3
Invocations    | 1 2 3 4 5 6 7 |  7.2
Evocations     | 2 3 4 5 6 7 |  7.2
Short Blades   | 1 3 4 |  4.0
Shields        | 1 3 4 5 |  5.5
Air Magic      | 1 2 3 4 |  4.5
Translocations | 1 2 3 4 |  4.4
Shapeshifting  | 1 2 3 |  3.3
Maces & Flails | 2 3 |  3.5
Ice Magic      | 1 |  1.4

Action                     |  1- 3 |  4- 6 |  7- 9 | 10-12 | 13-15 || total
---------------------------+-------+-------+-------+-------+-------++-------
  Melee: Unarmed           |     4 |       |       |       |       ||     4
         Constrict         |     3 |    11 |    12 |    23 |     4 ||    53
         Tentacles         |     3 |     4 |    15 |    37 |    20 ||    79
         Hand axe          |     3 |     2 |       |       |       ||     5
         Dagger            |       |    42 |    20 |       |       ||    62
         Falchion          |       |       |    42 |    72 |       ||   114
         Punch             |       |       |       |     6 |       ||     6
         Whip              |       |       |       |    40 |    53 ||    93
   Cast: Magic Dart        |    57 |    78 |   117 |   160 |    88 ||   500
         Searing Ray       |       |     8 |    35 |    20 |       ||    63
         Fulminant Prism   |       |     1 |    15 |    38 |     5 ||    59
         Swiftness         |       |       |     1 |       |       ||     1
         Iskenderun's Myst |       |       |     4 |    58 |    45 ||   107
         Poisonous Vapours |       |       |       |    13 |    19 ||    32
         Freezing Cloud    |       |       |       |    20 |    34 ||    54
 Invoke: Channel Magic     |       |       |       |     1 |     3 ||     4
  Evoke: Wand              |       |       |     3 |       |       ||     3
         Lightning rod     |       |       |     1 |       |       ||     1
    Use: Scroll            |       |       |     7 |    15 |     5 ||    27
         Potion            |       |       |       |     6 |     1 ||     7
   Stab: Sleeping          |     1 |     4 |     2 |     2 |     1 ||    10
 Armour: Skin              |     2 |    23 |    71 |    99 |    42 ||   237
  Dodge: Dodged            |     4 |    24 |    62 |    95 |    38 ||   223
  Block: Buckler           |       |       |    24 |    92 |    41 ||   157
         Reflection        |       |       |     1 |     2 |     9 ||    12
   Form: Beast             |       |       |       |     1 |       ||     1

Table legend: (Time is in decaauts)
 A = Elapsed time spent in this place.
 B = Non-inter-level travel time spent in this place.
 C = Inter-level travel time spent in this place.
 D = Time resting spent in this place.
 E = Time spent auto-exploring this place.
 F = Levels seen in this place.
 G = Mean time per level.
                   A        B        C        D        E       F      G
               +--------+--------+--------+--------+--------+-----+--------+
         Total |  21524 |  20888 |    636 |   2724 |  14630 |  15 | 1434.9 |
       Dungeon |  16066 |  15517 |    549 |   2101 |  10712 |  12 | 1338.8 |
          Lair |   5458 |   5371 |     87 |    623 |   3918 |   3 | 1819.3 |
               +--------+--------+--------+--------+--------+-----+--------+

Top non-repeatable levels by time:
  Lair:1: 2849 daAuts
    D:11: 2046 daAuts
    D:10: 1920 daAuts
     D:5: 1717 daAuts
     D:6: 1555 daAuts
     D:8: 1458 daAuts
     D:1: 1389 daAuts
  Lair:2: 1354 daAuts
  Lair:3: 1253 daAuts
     D:4: 1185 daAuts
     D:7: 1183 daAuts
     D:3: 1146 daAuts
     D:9: 1049 daAuts
     D:2: 822 daAuts
    D:12: 590 daAuts
